 Dungeon Crawl Stone Soup version 0.27.1 (webtiles) character file.

Game seed: 5560583072490993525

34 Malachi the Skirmisher (level 3, -4/30 HPs)
             Began as a Djinni Berserker on Aug 24, 2021.
             Was a Follower of Trog.
             Slain by a worm (10 damage)
             ... on level 2 of the Dungeon.
             The game lasted 00:01:35 (1624 turns).

Malachi the Skirmisher (Djinni Berserker)           Turns: 1624, Time: 00:01:35

Health: -4/30      AC:  2    Str: 16    XL:     3   Next: 50%
Gold:   71         EV: 12    Int:  8    God:    Trog [*.....] SH:  0 Dex: 13

rFire    + + .     SeeInvis .   a - +0 falchion
rCold    x . .     Faith    .   (no shield)
rNeg     . . .     Spirit   .   b - +0 animal skin
rPois    ∞         Reflect  .   (no helmet)
rElec    .         Harm     .   (no cloak)
rCorr    .         Rampage  .   (no gloves)
Will     .....                  (boots unavailable)
Stlth    +.........             (no amulet)
HPRegen  0.10/turn              (no ring)
MPRegen  0.00/turn              (no ring)

@: flying
A: sickness immunity, fire resistance 2, cold vulnerability 1, float, innate
caster, hp casting, extra vitality 1
a: Renounce Religion, Berserk


You were on level 2 of the Dungeon.
You worshipped Trog.
Trog was aware of your devotion.
You visited 1 branch of the dungeon, and saw 2 of its levels.

You collected 71 gold pieces.

Inventory:

Hand Weapons
 a - a +0 falchion (weapon)
Armour
 b - a +0 animal skin (worn)
Potions
 c - a potion of might {unknown}
 d - a potion of lignification {unknown}


   Skills:
 * Level 3.6 Fighting
 + Level 3.0 Long Blades
 - Level 2.0 Armour
 - Level 2.1 Dodging
 + Level 0.3 Stealth
 * Level 1.3 Invocations


You had one spell level left.
You knew the following spells:

 Your Spells              Type           Power      Damage    Failure   Level
a - Summon Small Mammal   Summ           0%         N/A       41%         1
Your spell library was empty.

Dungeon Overview and Level Annotations

Branches:
Dungeon (2/15)

Altars:


Innate Abilities, Weirdness & Mutations

You are immune to sickness and miasma.
You are immune to poison.
Your flesh is very heat resistant. (rF++)
You are vulnerable to cold. (rC-)
You float through the air rather than walking.
You learn spells naturally, not from books.
Your magical power is your life essence.
You have superior vitality. (+4 HP)


Message History

You are too injured to fight recklessly!
You are too injured to fight recklessly!
You are too injured to fight recklessly!
You are too injured to fight recklessly!
You are too injured to fight recklessly!
You are too injured to fight recklessly!
You are too injured to fight recklessly!
You are too injured to fight recklessly!
You are too injured to fight recklessly!
You are too injured to fight recklessly!
You hit the worm.
The worm is moderately wounded.
The worm barely misses you.
You hit the worm.
The worm is moderately wounded.
You hit the worm.
The worm is heavily wounded.
The worm barely misses you.
You barely miss the worm.
The worm is heavily wounded.
The worm bites you.
You hit the worm but do no damage.
The worm is heavily wounded.
You hit the worm.
The worm is severely wounded.
The worm bites you.
You hit the worm.
The worm is severely wounded.
The worm barely misses you.
You riposte.
You hit the worm but do no damage.
The worm is severely wounded.
You barely miss the worm.
The worm is severely wounded.
You hit the worm.
The worm is severely wounded.
The worm bites you!
* * * LOW HITPOINT WARNING * * *
You hit the worm.
The worm is severely wounded.
The worm bites you!
You die...

....#.....# .....
##.......# .....#
#........# ......
#........#
......##........#
..............#.#
................#
#...............#
#.....w@...........
#..................
#...................
#..............?....
#..................
#....##...........
#.... .......####
#.... .......#


You could see a worm.

Vanquished Creatures
  A dart slug (D:2)
  3 bats (D:1)
  6 endoplasms
  2 goblins (D:1)
  A hobgoblin (D:1)
  2 quokkas (D:1)
  4 ball pythons (D:1)
  A frilled lizard (D:1)
  4 kobolds (D:1)
  4 rats (D:1)
28 creatures vanquished.

Notes
Turn   | Place    | Note
-------+----------+-------------------------------------------
     0 | D:1      | Malachi the Djinni Berserker began the quest for the Orb.
     0 | D:1      | Reached XP level 1. HP: 20/20 MP: 0/0
   468 | D:1      | Reached XP level 2. HP: 18/25 MP: 0/0
   846 | D:1      | Reached skill level 1 in Invocations
   984 | D:1      | Reached XP level 3. HP: 30/30 MP: 0/0
   984 | D:1      | Learned a level 1 spell: Summon Small Mammal
  1624 | D:2      | Slain by a worm

Illustrated notes

Levels and vault maps discovered:
D:1:      erik_arrival_cave_to_civilisation [erik_arrival_cave_to_hall],
          layout_loops_ring, chequers_mini_garden
D:2:      layout_basic, serial_shops, shop_statue, basic_altar,
          uniq_crazy_yiuf_cottage, uniq_natasha

Skill      XL: |  1  2  3 |
---------------+----------+-----
Invocations    | 1 |  1.3
Long Blades    | 3 |  3.0
Fighting       | |  3.6
Armour         | |  2.0
Dodging        | |  2.1
Stealth        | |  0.3

Action                   || total
-------------------------++-------
Melee: Falchion          ||    88
Invok: Berserk           ||     1
 Stab: Sleeping          ||     3
Armor: Animal skin       ||    15
Dodge: Dodged            ||    48
       Rpst.: Falchion   ||    13
